 Dungeon Crawl Stone Soup version 0.30-a0-883-g5ad918d77d (webtiles) character file.

Game seed: 4964339549482851322

325 holysushi the Ducker (level 6, 0/42 HPs)
             Began as an Octopode Monk on Mar 17, 2023.
             Slain by Menkaure (19 damage)
             ... on level 5 of the Dungeon.
             The game lasted 00:03:30 (2753 turns).

holysushi the Ducker (Octopode Monk)                Turns: 2753, Time: 00:03:30

Health: 0/42       AC:  1    Str: 10    XL:     6   Next: 48%
Magic:  6/6        EV: 12    Int: 12    God:
Gold:   232        SH: 14    Dex: 17    Spells: 5/5 levels left

rFire   . . .      SeeInvis .    a - +0 short sword
rCold   . . .      Faith    .    g - +0 tower shield
rNeg    . . .      Spirit   .    (helmet restricted)
rPois   .          Reflect  .    (no amulet)
rElec   .          Rampage  .    (no ring)
rCorr   .                        (no ring)
Will    .....                    (no ring)
Stlth   +++                      (no ring)
HPRegen 0.27/turn                (no ring)
MPRegen 0.10/turn                (no ring)
                                 (no ring)
                                 (no ring)

@: no status effects
A: almost no armour, amphibious, 8 rings, camouflage 1, gelatinous body 1,
(nimble swimmer 1), tentacles
a: no special abilities


You were on level 5 of the Dungeon.
You visited 1 branch of the dungeon, and saw 5 of its levels.
You also visited: Sewer.

You collected 232 gold pieces.

Inventory:

Hand Weapons
 a - a +0 short sword (weapon)
Armour
 g - a +0 tower shield (worn)
Jewellery
 s - a ring of resist corrosion
Scrolls
 h - 2 scrolls of fog {unknown}
 i - 2 scrolls of fear {unknown}
 k - 2 scrolls of teleportation
 o - a scroll of summoning {unknown}
 p - 2 scrolls of vulnerability
 q - a scroll of enchant armour {unknown}
 t - a scroll of acquirement {unknown}
Potions
 b - a potion of ambrosia
 c - 2 potions of resistance {unknown}
 d - a potion of haste {unknown}
 e - 3 potions of brilliance {unknown}
 f - a potion of heal wounds
 j - 3 potions of mutation {unknown}
 l - a potion of invisibility {unknown}
 m - 2 potions of magic {unknown}
 n - a potion of degeneration {unknown}
 r - a potion of curing {unknown}
 u - a potion of flight {unknown}


   Skills:
 - Level 3.0 Fighting
 - Level 3.0 Short Blades
 + Level 5.7 Dodging
 - Level 2.6 Stealth
 + Level 3.9 Shields


You had 5 spell levels left.
You didn't know any spells.
Your spell library contained the following spells:

 Spells                   Type           Power      Damage    Failure   Level
 Sandblast                Erth           0%         2d4       99%         1
 Ensorcelled Hibernation  Hex/Ice        0%         N/A       99%         2
 Passwall                 Tmut/Erth      0%         N/A       99%         2
 Call Canine Familiar     Summ           0%         N/A       100%        3
 Inner Flame              Hex/Fire       0%         N/A       100%        3
 Portal Projectile        Hex/Tloc       0%         N/A       100%        3
 Spider Form              Tmut/Pois      0%         N/A       100%        3
 Stone Arrow              Conj/Erth      0%         3d7       100%        3
 Anguish                  Hex/Necr       0%         N/A       100%        4
 Flame Wave               Conj/Fire      0%         2d4       100%        4
 Leda's Liquefaction      Hex/Erth       0%         N/A       100%        4
 Sticky Flame             Conj/Fire      0%         2d3       100%        4


Dungeon Overview and Level Annotations

Branches:
Dungeon (5/15) Zot: 26865   Sewer (visited)
 Temple: D:4-7

Altars:
Dithmenos

Annotations:
D:5 Menkaure


Innate Abilities, Weirdness & Mutations

You cannot wear most types of armour.
You are amphibious.
You can wear up to eight rings at the same time.
Your skin changes colour to match your surroundings (Stealth+).
Your rubbery body absorbs attacks. (AC +1, EV +1)
((You are camouflaged when in or above water. (Stealth+)))
You have tentacles for arms and can constrict up to eight enemies at once.


Message History

Found a leather armour.
A white imp comes into view.
A white imp is nearby!
A white imp is nearby!
A white imp is nearby!
Found an escape hatch in the ceiling.
Found a metallic pink potion.
The white imp shouts!
You hear a shout!
Menkaure, Prince of Dust comes into view.
You closely miss the white imp. You grab the white imp.
You squeeze the white imp.
The white imp is lightly wounded.
You constrict the white imp. You block the white imp's attack.
The white imp hits you. The white imp freezes you.
You hit the white imp but do no damage.
The white imp is moderately wounded.
You constrict the white imp. The white imp gestures at you.
You block the puff of frost.
You hit the white imp.
The white imp is severely wounded.
You constrict the white imp. You block the white imp's attack.
You hit the white imp.
You kill the white imp!
Menkaure casts a spell.
Menkaure seems to speed up.
Menkaure hits you! Menkaure hits you.
You hit Menkaure but do no damage. You grab Menkaure. You constrict Menkaure.
Menkaure hits you.
You hit Menkaure but do no damage.
Menkaure is lightly damaged.
You constrict Menkaure, but do no damage.
You block Menkaure's attack. x2
You hit Menkaure.
Menkaure is moderately damaged.
You constrict Menkaure. You block Menkaure's attack.
You hit Menkaure. You squeeze Menkaure.
Menkaure is heavily damaged.
You constrict Menkaure. You block Menkaure's attack. Menkaure hits you!!
You die...

# .+# ### #.... ..# ...
# #.# ##.# #. #.#
#..####
####.####.###.....
#............# #.#######
#............# #........
#.....M@..##.###.#######
..........##....##
#........###.#.##
#........# #.#.#
#.!<.....# #.#.#
####.###.# #.#[# ... #..
....# ### ### #.### ..#


You could see Menkaure (fast).

Vanquished Creatures
  2 kobold brigands (Sewer)
  A hound (D:4)
  9 adders
  A river rat (Sewer)
  A white imp (D:5)
  A worm (Sewer)
  A dart slug (D:2)
  4 orcs
  4 endoplasms
  3 giant cockroaches
  2 goblins
  A hobgoblin (D:1)
  7 kobolds
  A quokka (D:1)
  7 ball pythons
  6 bats
  A frilled lizard (D:1)
  3 rats
55 creatures vanquished.

Notes
Turn   | Place    | Note
-------+----------+-------------------------------------------
     0 | D:1      | holysushi the Octopode Monk began the quest for the Orb.
     0 | D:1      | Reached XP level 1. HP: 16/16 MP: 1/1
   332 | D:1      | Reached XP level 2. HP: 21/21 MP: 2/2
   741 | D:2      | Reached skill level 4 in Dodging
   741 | D:2      | Reached XP level 3. HP: 18/26 MP: 3/3
   911 | D:2      | Reached skill level 1 in Shields
  1486 | D:3      | Reached XP level 4. HP: 31/31 MP: 4/4
  1592 | D:3      | Found a glowing drain.
  1614 | Sewer    | Entered a sewer
  1722 | Sewer    | Noticed a kobold brigand
  1736 | Sewer    | Killed a kobold brigand
  1737 | Sewer    | Reached skill level 5 in Dodging
  1737 | Sewer    | Reached XP level 5. HP: 29/36 MP: 5/5
  1903 | Sewer    | Noticed a kobold brigand
  1912 | Sewer    | Killed a kobold brigand
  1913 | Sewer    | Reached XP level 6. HP: 42/42 MP: 6/6
  2019 | D:3      | Found a shadowy altar of Dithmenos.
  2622 | D:5      | Entered Level 5 of the Dungeon
  2743 | D:5      | Noticed Menkaure
  2753 | D:5      | Slain by Menkaure

Illustrated notes

Levels and vault maps discovered:
D:1:      kennysheep_arrival_seaside, layout_basic, minmay_pentomino_p4
D:2:      layout_basic
D:3:      layout_basic, mainiacjoe_overflow_six_doors_small,
          portal_sewer_entry_d, nicolae_elevator_lobby_asterisk
D:4:      layout_loops_cross
D:5:      layout_loops_ring, uniq_grinder, uniq_crazy_yiuf_cottage,
          uniq_menkaure

Skill      XL: |  1  2  3  4 |
---------------+-------------+-----
Dodging        | 4 5 |  5.7
Shields        | 1 3 |  3.9
Fighting       | |  3.0
Short Blades   | |  3.0
Stealth        | |  2.6

Action                     |  1- 3 |  4- 6 || total
---------------------------+-------+-------++-------
  Melee: Short sword       |    43 |    91 ||   134
         Constrict         |     9 |    16 ||    25
         Tentacles         |     5 |    18 ||    23
         Punch             |       |     1 ||     1
    Use: Scroll            |     5 |     1 ||     6
         Potion            |       |     2 ||     2
   Stab: Sleeping          |    13 |    10 ||    23
 Armour: Skin              |     3 |     3 ||     6
  Dodge: Dodged            |    18 |    21 ||    39
  Block: Tower shield      |    14 |    54 ||    68

Table legend: (Time is in decaauts)
 A = Elapsed time spent in this place.
 B = Non-inter-level travel time spent in this place.
 C = Inter-level travel time spent in this place.
 D = Time resting spent in this place.
 E = Time spent auto-exploring this place.
 F = Levels seen in this place.
 G = Mean time per level.
                   A        B        C        D        E       F      G
               +--------+--------+--------+--------+--------+-----+--------+
         Total |   2779 |   2627 |    152 |    248 |   1707 |   6 |  463.2 |
       Dungeon |   2455 |   2303 |    152 |    188 |   1599 |   5 |  491.0 |
         Sewer |    323 |    323 |      0 |     60 |    108 |   1 |  323.0 |
               +--------+--------+--------+--------+--------+-----+--------+

Top non-repeatable levels by time:
     D:2: 634 daAuts
     D:1: 632 daAuts
     D:4: 533 daAuts
     D:3: 521 daAuts
   Sewer: 323 daAuts
     D:5: 133 daAuts
